 Dungeon Crawl Stone Soup version 0.18.1-6-gd335043 (webtiles) character file.

88 M4edhros the Conjurer (level 4, 0/30 HPs)
             Began as a Formicid Conjurer on May 20, 2016.
             Slain by an adder (2 damage)
             ... on level 2 of the Dungeon.
             The game lasted 00:02:45 (1358 turns).

M4edhros the Conjurer (Formicid Conjurer)           Turns: 1358, Time: 00:02:45

Health: 0/30       AC:  2    Str: 13    XL:     4   Next: 81%
Magic:  1/7        EV: 12    Int: 15    God:
Gold:   56         SH:  0    Dex: 11    Spells: 1 memorised, 6 levels left

rFire  . . .     SeeInvis +     (no weapon)
rCold  . . .     Gourm    .     a - +0 robe
rNeg   . . .     Faith    .     (no shield)
rPois  .         Spirit   .     (helmet unavailable)
rElec  .         Dismiss  .     (no cloak)
rCorr  .         Reflect  .     (no gloves)
SustAt .         Harm     .     (no boots)
MR     .....                    (no amulet)
Stlth  ++........               (no ring)
                                (no ring)

@: very slightly contaminated, not resistant to hostile enchantments, unstealthy
A: permanent stasis, dig shafts and tunnels, four strong arms, antennae 3
a: Dig, Shaft Self


You were on level 2 of the Dungeon.
You were near starving.

You visited 1 branch of the dungeon, and saw 4 of its levels.

You collected 56 gold pieces.

Inventory:

Missiles
 i - 46 stones (quivered)
Armour
 a - a +0 robe (worn)
Scrolls
 d - a scroll of enchant weapon {unknown}
 e - 2 scrolls of teleportation {unknown}
 f - a scroll of identify {unknown}
 g - 2 scrolls of remove curse {unknown}
 j - a scroll of immolation {unknown}
 k - a scroll of recharging {unknown}
Books
 b - a book of Conjurations

   Spells                             Type                      Level
   a - Magic Dart                     Conjuration                  1
   b - Searing Ray                    Conjuration                  2
   c - Dazzling Spray                 Conjuration/Hexes            3
   d - Fulminant Prism                Conjuration/Hexes            4
   e - Iskenderun's Mystic Blast      Conjuration                  4
   f - Iskenderun's Battlesphere      Conjuration/Charms           5
Comestibles
 c - 2 bread rations
 h - a royal jelly


   Skills:
 - Level 1.7 Dodging
 - Level 2.4 Stealth
 - Level 2.1 Spellcasting
 + Level 5.3 Conjurations


You had 6 spell levels left.
You knew the following spells:

 Your Spells              Type           Power        Failure   Level  Hunger
a - Magic Dart            Conj           ###.         2%          1    #......


Dungeon Overview and Level Annotations

Branches:
Dungeon (4/15)
 Temple: D:4-7

Altars:

Annotations:
D:4 M4edhros's ghost, amateur FoFi


Innate Abilities, Weirdness & Mutations

You are under a permanent stasis effect.
You can dig through walls and to a lower floor.
Your four strong arms can wield two-handed weapons with a shield.
You have a pair of large antennae on your head (SInv).


Message History

Press: ? - help, Shift-Dir - straight line, f - adder
Aim: an adder The magic dart hits the adder.
Casting: Magic Dart
Confirm with . or Enter, or press ? or * to list all spells.
Aiming: Magic Dart
Press: ? - help, Shift-Dir - straight line, f/p - adder
Aim: an adder The magic dart hits the adder.
The adder is moderately wounded.
The adder closely misses you.
Casting: Magic Dart
Confirm with . or Enter, or press ? or * to list all spells.
Aiming: Magic Dart
Press: ? - help, Shift-Dir - straight line, f/p - adder
Aim: an adder (moderately wounded)
The magic dart hits the adder.
The adder is moderately wounded.
The adder misses you. The adder bites you.
You die...

#...#.#
#......#
#...#.#
#......#
#...#
#......#
#...#
########
...# #####
#)###.(.##
.#....(...#
..........#
.......@..#
>......S..#
........).#
..........#
.########'#
.. ... ....


You could see an adder.

Vanquished Creatures
  Natasha (twice) (D:3)
  An adder (D:4)
  A worm (D:4)
  2 giant geckos
  3 orcs (D:3)
  2 giant cockroaches
  2 goblins
  A hobgoblin (D:3)
  3 jackals (D:1)
  2 kobolds
  3 rats
22 creatures vanquished.

Notes
Turn   | Place    | Note
--------------------------------------------------------------
     0 | D:1      | M4edhros the Formicid Conjurer began the quest for the Orb.
     0 | D:1      | Reached XP level 1. HP: 13/13 MP: 3/3
   160 | D:1      | Reached XP level 2. HP: 4/19 MP: 0/5
   161 | D:1      | Reached skill level 4 in Conjurations
   368 | D:2      | You fall through a shaft!
   896 | D:3      | Noticed Natasha
   901 | D:3      | Killed Natasha
   901 | D:3      | Reached XP level 3. HP: 24/24 MP: 0/6
  1037 | D:3      | Noticed Natasha
  1042 | D:3      | Killed Natasha
  1042 | D:3      | Reached skill level 5 in Conjurations
  1042 | D:3      | Reached XP level 4. HP: 23/30 MP: 0/7
  1219 | D:4      | Noticed M4edhros's ghost (amateur FoFi)
  1287 | D:3      | HP: 1/30 [orc (3)]
  1321 | D:3      | HP: 1/30 [orc (3)]
  1352 | D:2      | HP: 1/30 [kobold/stone (2)]
  1358 | D:2      | Slain by an adder

Skill      XL: |  1  2  3 |
---------------+----------+-----
Conjurations   | 4 5 |  5.3
Dodging        | |  1.7
Stealth        | |  2.4
Spellcasting   | |  2.1

Action                   |  1- 3 |  4- 6 || total
-------------------------+-------+-------++-------
Melee: Unarmed           |    36 |     7 ||    43
 Cast: Magic Dart        |    36 |    27 ||    63
 Abil: Dig               |     2 |       ||     2
       Shaft Self        |     1 |       ||     1
  Use: Potion            |     2 |       ||     2
 Stab: Sleeping          |     1 |       ||     1
  Eat: Beef jerky        |       |     1 ||     1
Armor: Robe              |    12 |     3 ||    15
Dodge: Dodged            |    46 |    12 ||    58
